Map: Cerulean Fall LE

Players

HellraiseR

  • Race: Protoss Protoss
  • League: Master
  • Spawn Location: 1:00

Trap - Winner!

  • Race: Protoss Protoss
  • League: Master
  • Spawn Location: 7:00

Event: HomeStory Cup XVIII

VOD

Have the link to the VOD?

Description

Time

  • Played on: Nov. 23, 2018, 9:11 a.m.
  • Length: 10:31

All games in this series

Show
View Real Time Build Order
Export as new Build Order

HellraiseR Protoss 

Build Orders: Phoenix Opening 

Get SALT Encoding   

  12  0:00  Probe  
  13  0:12  Probe  
  14  0:17  Pylon  
  14  0:21  Probe  
  15  0:31  Probe  
  16  0:37  Gateway  
  16  0:42  Probe  
  16  0:45  Assimilator  
  17  0:52  Probe  
  17  0:55  Assimilator  
  18  1:00  Probe  
  18  1:08  Gateway, Probe  
  20  1:20  Probe  
  20  1:24  Cybernetics Core  
  21  1:32  Probe  
  22  1:34  Pylon  
  22  1:44  Probe  
  23  1:56  Probe  
  23  2:00  Sentry, Stalker  
  23  2:01  Warp Gate  
  28  2:08  Probe  
  29  2:23  Pylon  
  29  2:26  Stalker  
  30  2:37  Phoenix  
  30  2:43  Nexus  
  30  2:46  Probe  
  30  2:49  Sentry  
  33  2:56  Stalker  
  35  3:00  Probe  
  36  3:09  Forge  
  36  3:12  Probe  
  37  3:24  Pylon, Probe  
  38  3:32  Protoss Ground Weapons Level 1  
  38  3:34  Probe  
  39  3:42  Probe  
  39  3:47  Photon Cannon  
  40  3:49  Phoenix  
  40  3:51  Probe  
  40  3:55  Probe  
  42  4:02  Probe  
  42  4:03  Stalker  
  42  4:06  Stalker  
  42  4:07  Probe  
  47  4:14  Probe  
  47  4:15  Probe  
  49  4:21  Pylon  
  50  4:25  Probe  
  50  4:26  Probe  
  52  4:32  Twilight Council  
  52  4:37  Probe  
  53  4:39  Probe  
  52  4:48  Stalker  
  52  4:49  Probe  
  52  4:50  Probe  
  49  4:57  Probe  
  49  4:58  Stalker  
  50  5:02  Probe  
  50  5:03  Pylon  
  50  5:05  Probe  
  52  5:09  Blink  
  52  5:11  Probe  
  52  5:13  Probe  
  53  5:18  Robotics Facility  
  53  5:20  Sentry  
  57  5:21  Probe  
  57  5:23  Probe  
  57  5:25  Stalker  
  57  5:28  Protoss Ground Weapons Level 2  
  61  5:32  Probe  
  61  5:35  Probe  
  58  5:44  Probe  
  58  5:45  Stalker  
  58  5:47  Probe, Assimilator  
  58  5:49  Assimilator  
  62  5:56  Probe  
  63  6:00  Probe  
  64  6:06  Gateway  
  64  6:07  Gateway  
  64  6:09  Probe  
  64  6:10  Robotics Bay  
  65  6:12  Probe  
  66  6:20  Photon Cannon  
  66  6:22  Stalker x2  
  66  6:23  Probe  
  71  6:29  Warp Prism  
  73  6:49  Dark Shrine  
  73  6:50  Gateway  
  73  6:52  Gateway  
  73  6:57  Stalker x2  
  77  7:05  Pylon  
  77  7:10  Charge  
  77  7:17  Pylon  
  77  7:24  Nexus  
  77  7:28  Disruptor  
  77  7:43  Pylon  
  80  7:44  Probe x2  
  80  7:45  Adept  
  80  7:46  Adept x3  
  90  7:54  Disruptor  
  90  7:56  Probe x2  
  86  8:08  Probe x2  
  85  8:14  Templar Archives  
  85  8:19  Templar Archives  
  85  8:20  Zealot, Probe  
  85  8:21  Zealot, Probe  
  91  8:30  Warp Prism  
  93  8:42  Gateway x2  
  93  8:54  High Templar, Assimilator  
  93  8:55  High Templar, Zealot  
  97  8:56  Zealot  
  97  8:57  Assimilator  
  97  8:58  Probe  
  102  9:03  Probe  
  102  9:06  Probe  
  104  9:10  Probe  
  104  9:12  Zealot x2  
  104  9:15  Probe  
  113  9:19  Colossus  
  113  9:20  Pylon  
  115  9:30  Pylon  
  116  9:31  Probe  
  116  9:32  Pylon  
  116  9:35  Archon  
  115  9:39  High Templar  
  115  9:40  Pylon, High Templar  
  115  9:42  Zealot x3  
  115  9:44  Archon  
  123  9:57  Zealot x3  
  127  10:04  Zealot x3  
  133  10:13  Zealot x2  
  132  10:16  Probe  
  107  10:24  Stalker x2  
  107  10:25  Stalker  
  107  10:27  Zealot x2  
Show
View Real Time Build Order
Export as new Build Order

Trap Protoss - Winner!

Build Orders: Oracle Opening, Zealot Archon 

Get SALT Encoding   

  12  0:00  Probe  
  13  0:12  Probe  
  14  0:17  Pylon  
  14  0:24  Probe  
  15  0:32  Probe  
  15  0:37  Gateway  
  15  0:40  Probe  
  17  0:50  Probe  
  17  0:54  Assimilator  
  18  0:58  Probe, Assimilator  
  19  1:07  Probe  
  19  1:08  Gateway  
  20  1:17  Probe  
  20  1:24  Cybernetics Core  
  21  1:29  Probe  
  22  1:34  Pylon  
  22  1:42  Probe  
  23  1:54  Probe  
  24  2:00  Stalker  
  24  2:01  Sentry  
  28  2:07  Warp Gate  
  28  2:13  Pylon  
  28  2:38  Stargate  
  28  2:44  Probe  
  28  2:48  Nexus  
  28  2:55  Stalker  
  28  2:56  Probe  
  31  3:03  Stalker  
  33  3:08  Probe  
  34  3:14  Pylon  
  34  3:15  Oracle  
  34  3:20  Probe  
  38  3:40  Probe  
  39  3:43  Oracle  
  39  3:52  Probe  
  43  3:58  Probe  
  44  4:05  Probe  
  44  4:06  Probe  
  44  4:08  Adept x2  
  49  4:16  Probe  
  49  4:17  Probe  
  51  4:20  Robotics Facility  
  52  4:24  Probe  
  52  4:29  Probe  
  54  4:32  Probe  
  54  4:35  Assimilator  
  54  4:36  Pylon  
  54  4:37  Assimilator  
  55  4:41  Probe  
  54  4:48  Probe  
  55  4:53  Probe  
  55  4:56  Forge  
  55  4:59  Probe  
  54  5:00  Adept x2  
  54  5:05  Probe  
  60  5:07  Probe  
  60  5:13  Pylon  
  61  5:15  Probe  
  61  5:17  Protoss Ground Weapons Level 1, Probe  
  61  5:18  Immortal  
  67  5:26  Probe  
  68  5:29  Probe  
  65  5:48  Gateway  
  65  5:49  Gateway, Sentry  
  67  5:54  Twilight Council  
  67  5:58  Immortal  
  71  6:05  Gateway  
  71  6:07  Gateway  
  71  6:16  Nexus  
  71  6:18  Pylon  
  71  6:30  Gateway  
  71  6:32  Gateway  
  71  6:34  Templar Archives  
  71  6:36  Charge  
  71  6:45  Immortal  
  75  6:48  Protoss Ground Weapons Level 2  
  75  6:50  Zealot  
  75  6:51  Zealot  
  79  6:55  Pylon  
  79  7:05  Pylon  
  79  7:13  High Templar x2  
  79  7:14  High Templar  
  85  7:19  High Templar, Zealot x2  
  91  7:24  Archon x2  
  91  7:27  Phoenix  
  93  7:35  Observer  
  92  7:40  Photon Cannon  
  92  7:42  Photon Cannon  
  92  7:43  Probe x3  
  95  7:47  Zealot x3  
  95  7:49  Zealot  
  103  7:54  Phoenix  
  103  8:03  Probe x3  
  104  8:14  Observer  
  104  8:17  Photon Cannon  
  104  8:19  Phoenix  
  107  8:20  Probe  
  107  8:21  Probe  
  109  8:29  Stargate  
  109  8:30  Pylon  
  109  8:32  Pylon  
  109  8:42  Phoenix  
  109  8:44  Assimilator  
  109  8:47  Assimilator  
  114  8:48  Probe x3  
  114  8:56  Warp Prism  
  114  8:59  High Templar x2  
  120  9:03  Phoenix  
  120  9:06  Archon  
  120  9:07  Probe x3  
  125  9:11  Pylon  
  125  9:13  Pylon  
  125  9:14  Pylon  
  125  9:32  Zealot x3, High Templar x2, Observer  
  125  9:33  Zealot x3  
  125  9:37  Archon  
  142  9:40  Phoenix  
  142  9:43  Phoenix  
  146  9:46  Pylon  
  146  9:47  Pylon  
  146  10:00  Zealot  
  148  10:12  Zealot x7  
Tags
 
Add a new tag
Caveats
  • Supply blocks, unpowered buildings, or Contaminate may cause inaccurate times.
  • Supply counts are checked every 10 seconds.